 Dungeon Sprint DCSS version 0.28.0-43-g3370ac3207 (webtiles) character file.

Game seed: 13900181374736200056

109 smarlow the Ducker (level 4, 0/26 HPs)
             Began as a Spriggan Fighter on Mar 2, 2022.
             Killed from afar by Sigmund (10 damage)
             ... with a puff of flame
             ... in the Dungeon (Sprint I: "Red Sonja").
             The game lasted 00:00:47 (263 turns).

smarlow the Ducker (Spriggan Fighter)                Turns: 263, Time: 00:00:48

Health: 0/26       AC:  2    Str: 12    XL:     4   Next: 60%
Magic:  11/11      EV: 20    Int:  9    God:
Gold:   54         SH:  0    Dex: 16    Spells: 11/11 levels left

rFire   . . .      SeeInvis +   a - +0 rapier
rCold   . . .      Faith    .   (no shield)
rNeg    . . .      Spirit   .   b - +0 robe
rPois   .          Reflect  .   (helmet restricted)
rElec   .          Harm     .   (no cloak)
rCorr   .          Rampage  .   (gloves unavailable)
Will    .....      NoTele   +   (boots unavailable)
Stlth   +++.......              (no amulet)
HPRegen 0.08/turn               (no ring)
MPRegen 0.12/turn               (no ring)

@: very quick
A: very small, no large weapons, unfitting armour, see invisible, speed 3
a: no special abilities


You were in the Dungeon.
You visited 1 branch You collected 54 gold pieces.

Inventory:

Hand Weapons
 a - a +0 rapier (weapon)
Armour
 b - a +0 robe (worn)
Wands
 c - a wand of polymorph (9)
Scrolls
 j - a scroll of blinking
Potions
 e - a potion of curing
 f - a potion of heal wounds
 g - a potion of haste
 h - 2 potions of magic


   Skills:
 + Level 4.8 Fighting
 + Level 4.3 Short Blades
 - Level 5.7 Dodging
 * Level 5.5 Stealth
 - Level 3.1 Shields
 * Level 4.2 Spellcasting


You had 11 spell levels left.
You didn't know any spells.
Your spell library was empty.

Dungeon Overview and Level Annotations

Branches:
Dungeon (1/1)

Altars:

Annotations:
D Sigmund


Innate Abilities, Weirdness & Mutations

You are very small and have problems with some larger weapons.
You are too small for most types of armour.
You have supernaturally acute eyesight. (SInv)
You cover ground extremely quickly. (Speed+++)


Message History

You start resting.
You feel yourself speed up.
You open the door.
Found 54 gold pieces.
There is an open door here.
You now have 27 gold pieces.
You now have 54 gold pieces (gained 27).
There is an open door here.
You start resting.
You recover from your berserk rage.
You start resting.
Magic restored.
You start waiting.
Done waiting.
You open the door.
Sigmund the Dreaded comes into view.
He is wielding a +0 scythe and carrying a wand of flame (13).
Sigmund shouts!
There is an open door here.
You closely miss Sigmund.
Sigmund zaps a wand.
The puff of flame hits you!
You barely miss Sigmund. Sigmund closely misses you.
You puncture Sigmund!
Sigmund is moderately wounded.
Sigmund casts a spell at you. The magic dart hits you.
You hit Sigmund.
Sigmund is moderately wounded.
Sigmund points at you and mumbles some strange words.
The magic dart hits you.
You puncture Sigmund!
Sigmund is heavily wounded.
Sigmund completely misses you.
You hit Sigmund but do no damage.
Sigmund is heavily wounded.
You hit Sigmund.
Sigmund is severely wounded.
Sigmund closely misses you.
You hit Sigmund.
Sigmund is severely wounded.
Sigmund zaps a wand.
The puff of flame hits you!
You die...

#############
#<.#[)').#..+
#..'..#..@@.#
#..#####'####
#..# #..#
#..# ####
#..# #⌠⌠#
####


You could see Sigmund.

Vanquished Creatures
  An ogre (D)
  Ijyb (D)
2 creatures vanquished.

Notes
Turn   | Place    | Note
-------+----------+-------------------------------------------
     0 | D        | smarlow the Spriggan Fighter began the quest for the Orb.
     0 | D        | Reached XP level 1. HP: 11/11 MP: 2/2
     2 | D        | Noticed Ijyb
    16 | D        | Killed Ijyb
    17 | D        | Reached skill level 5 in Dodging
    17 | D        | Reached skill level 1 in Stealth
    17 | D        | Reached XP level 2. HP: 16/16 MP: 3/3
    87 | D        | Noticed an ogre
    94 | D        | Killed an ogre
    95 | D        | Reached skill level 5 in Stealth
    95 | D        | Reached XP level 3. HP: 22/22 MP: 3/9
    95 | D        | Reached XP level 4. HP: 26/26 MP: 3/11
   254 | D        | Noticed Sigmund
   263 | D        | Killed from afar by Sigmund

Illustrated notes

Levels and vault maps discovered:
D:        dungeon_sprint_1 [red_sonja_temple_1, red_sonja_temple_small_1]

Skill      XL: |  1  2 |
---------------+-------+-----
Fighting       | 3 4 |  4.8
Short Blades   | 3 4 |  4.3
Dodging        | 5 |  5.7
Stealth        | 1 5 |  5.5
Shields        | 3 |  3.1
Spellcasting   | 4 |  4.2

Action                   |  1- 3 |  4- 6 || total
-------------------------+-------+-------++-------
Melee: Rapier            |    17 |     8 ||    25
  Use: Potion            |     2 |       ||     2
 Stab: Sleeping          |     1 |       ||     1
Armor: Skin              |     6 |       ||     6
Dodge: Dodged            |     6 |     3 ||     9
Block: Buckler           |     3 |       ||     3
